 Dungeon Crawl Stone Soup version 0.31.0-1-g2c135a008e (webtiles) character file.

Game seed: 12471974774232979694

9 qw the Shooter (level 2, 0/23 HPs)
             Began as a Djinni Hunter on Jan 23, 2024.
             Slain by a quokka (2 damage)
             ... on level 1 of the Dungeon.
             The game lasted 00:00:00 (187 turns).

qw the Shooter (Djinni Hunter)                       Turns: 187, Time: 00:00:01

Health: 0/23       AC:  3    Str: 10    XL:     2   Next: 25%
Gold:   0          EV: 12    Int: 10    God:
                   SH:  0    Dex: 16

rFire   + + .        a - +0 shortbow
rCold   x . .        (shield currently unavailable)
rNeg    . . .        c - +0 leather armour
rPois   inf          (no helmet)
rElec   .            (no cloak)
rCorr   .            (no gloves)
SInv    .            (boots unavailable)
Will    .....        (no amulet)
Stlth   +            (no ring)
HPRegen 0.23/turn    (no ring)
MPRegen 0.00/turn

%: infuse magic (-1 HP)
@: flying
A: sickness immunity, fire resistance 2, cold vulnerability 1, float, innate
caster, HP casting, extra vitality 1
a: no special abilities


You were on level 1 of the Dungeon.
You visited 1 branch of the dungeon, and saw 1 of its levels.


Innate Abilities, Weirdness & Mutations

You are immune to sickness and miasma.
You are immune to poison.
Your flesh is very heat resistant. (rF++)
You are vulnerable to cold. (rC-)
You float through the air rather than walking.
You learn spells naturally, not from books.
Your magical power is your life essence.
You have superior vitality. (+4 MHP)


   Skills:
 - Level 2.0 Fighting
 + Level 3.7 Ranged Weapons
 - Level 2.1 Dodging
 - Level 0.7 Stealth You didn't know any spells. Your spell library was empty.

Inventory:

Hand Weapons
 a - a +0 shortbow (weapon)
Armour
 c - a +0 leather armour (worn)
Jewellery
 d - a ring of willpower
Scrolls
 b - a scroll of butterflies
Potions
 e - a potion of attraction {unknown}
 f - a potion of enlightenment {unknown}
 g - a potion of lignification {unknown}

Dungeon Overview and Level Annotations

Branches:
Dungeon (1/15)

Altars:


Message History

The ribbon worm is severely wounded.
The ribbon worm expels a string of sticky webbing.
The stream of webbing hits you but does no damage.
You are caught in a web!
The ribbon worm bites you.
The web tears apart.
You shoot an arrow. The arrow hits the ribbon worm.
You kill the ribbon worm!
You have reached level 2!
You start resting.
HP restored.
You see here a ribbon worm corpse.
g - a glowing coppery potion
Found a plate armour.
A goblin comes into view. It is wielding a +0 club.
You see here a +0 plate armour.
You shoot an arrow. The arrow hits the goblin.
The goblin is moderately wounded.
You hear a shout!
A gnoll comes into view. It is wielding a +0 whip.
You shoot an arrow. The arrow hits the goblin!
You kill the goblin!
You shoot an arrow. The arrow hits the gnoll.
The gnoll is moderately wounded.
You shoot an arrow.
The arrow hits the gnoll but does no damage.
The gnoll is moderately wounded.
The gnoll hits you with a +0 whip!
A quokka comes into view.
You shoot an arrow. The arrow hits the gnoll.
The gnoll is moderately wounded.
The gnoll hits you with a +0 whip.
You shoot an arrow. The arrow closely misses the gnoll.
The gnoll closely misses you. The gnoll hits you with a +0 whip.
You shoot an arrow. The arrow barely misses the gnoll.
The gnoll barely misses you.
You shoot an arrow. The arrow closely misses the gnoll.
The quokka misses you. The gnoll hits you with a +0 whip.
The quokka misses you.
You shoot an arrow. The arrow closely misses the gnoll.
The gnoll completely misses you. The quokka bites you.
You die...

# .. .### .. ...
#.##.#####.#
#....g..)..# #.r@# ###.#
#.# #.# #.#########
#.........# #..######.#
########## ###########.#
#<...#.#.#.~..##.~.~~#.#


You could see a gnoll and a quokka.

Vanquished Creatures
  A ribbon worm (D:1)
  A dart slug (D:1)
  An endoplasm (D:1)
  A goblin (D:1)
  A kobold (D:1)
5 creatures vanquished.

Notes
Turn   | Place    | Note
-------+----------+-------------------------------------------
     0 | D:1      | qw the Djinni Hunter began the quest for the Orb.
     0 | D:1      | Reached XP level 1. HP: 18/18 MP: 0/0
     0 | D:1      | 0 ||| qw: Version: 0.3-a-135-gb77e89d
     0 | D:1      | 0 ||| qw: Game counter: 958
     0 | D:1      | 0 ||| qw: Melee chars always use a shield: true
     0 | D:1      | 0 ||| qw: God list: Okawaru
     0 | D:1      | 0 ||| qw: Allow faded altars: false
     0 | D:1      | 0 ||| qw: Do Orc after clearing Dungeon:15 true
     0 | D:1      | 0 ||| qw: Do second Lair branch before Depths: true
     0 | D:1      | 0 ||| qw: Lair rune preference: random
     0 | D:1      | 0 ||| qw: Goals: Normal
     0 | D:1      | 0 ||| PLANNING D:1-11
   146 | D:1      | Reached XP level 2. HP: 21/23 MP: 0/0
   186 | D:1      | HP: 2/23 [gnoll/+0 whip (6)]
   187 | D:1      | Slain by a quokka

Levels and vault maps discovered:
D:1:      dpeg_arrival_brainrot, layout_loops_ring

Action                     || total
---------------------------++-------
   Fire: Shortbow          ||    29
 Armour: Leather armour    ||     8
  Dodge: Dodged            ||     9

Table legend:
 A = Non-vault XP
 B = Vault XP
 C = Vault XP percentage of total XP
 D = Non-vault monster count
 E = Vault monster count
 F = Vault count percentage of total count
                 A         B        C        D         E       F
            +---------+---------+-------+---------+---------+-------
      Total |       9 |       5 |  35.7 |       4 |       1 |  20.0
            +---------+---------+-------+---------+---------+-------
        D:1 |       9 |       5 |  35.7 |       4 |       1 |  20.0
            +---------+---------+-------+---------+---------+-------
